AoeStats
← Flangosta

Arabia

505382743Analyzed
2v2 RM · 22d ago on Sep 9, 2026· 41m 47s· 4 players
Game mode
Random Map
Map size
Medium (4 player)
Population
200
Speed
Normal
Resources
Standard
Victory
Conquest
Starting age
Dark Age
Ending age
Imperial Age
RankedLock teamsTeams togetherTeam positionsShared explorationLock speedFull tech treeHidden civsTurbo modeCheats
Victory
Defeat
🇦🇷 Burmese · Argentina
1294
+9
🇦🇷 Gurjaras · Argentina
1061
+19
🇲🇽 Mongols · Mexico
1138
-14
🇲🇽 Saracens · Mexico
1127
-14
RADAMANTHYZ
3:47 Loom
13:41 Feudal Age
22:06 Castle Age
21:02 Fishing Lines
22:30 Double-Bit Axe
22:37 Gold Mining
22:57 Gillnets
23:25 Husbandry
23:36 Bloodlines
29:50 Ballistics
30:07 Fletching
33:32 Imperial Age
33:32 Gold Shaft Mining
39:04 Chemistry
40:14 Conscription
MAJEZTAD EZKANOR
6:23 Loom
13:33 Feudal Age
16:31 Wheelbarrow
26:42 Double-Bit Axe
30:19 Horse Collar
36:32 Castle Age
39:59 Hand Cart
maRts
6:35 Loom
8:41 Feudal Age
9:26 Man-at-Arms
10:43 Town Watch
11:56 Arson
16:24 Fletching
20:42 Castle Age
21:02 Padded Archer Armor
21:39 Horse Collar
22:29 Crossbowman
23:07 Bodkin Arrow
29:52 Wheelbarrow
31:39 Husbandry
31:49 Bloodlines
32:15 Herbal Medicine
32:31 Fervor
37:22 Imperial Age
37:38 Elite Arambai
38:23 Bracer
40:33 Heavy Plow
42:03 Chemistry
42:47 Ballistics
Flangosta
7:44 Loom
11:41 Feudal Age
12:45 Double-Bit Axe
16:28 Wheelbarrow
18:55 Castle Age
18:14 Horse Collar
18:31 Gold Mining
19:32 Bloodlines
20:10 Husbandry
25:12 Wheelbarrow
26:11 Stone Mining
29:30 Gold Shaft Mining
29:43 Hand Cart
30:08 Scale Barding Armor
30:13 Forging
30:37 Town Watch
31:07 Bow Saw
36:10 Imperial Age
35:57 Kshatriyas
36:23 Heavy Camel Rider
37:51 Town Patrol
39:04 Chain Barding Armor
39:20 Iron Casting
Connection lost

Rejoining the realm…

Still unreachable

The connection could not be restored.

Session expired

The server has moved on; the page needs a fresh start.